 Dungeon Crawl Stone Soup version 0.28-a0-938-gbc3f381ebc (webtiles) character file.

Game seed: 1883265113124055555

1101 cheechan the Bolt Thrower (level 8, -5/54 HPs)
             Began as an Octopode Wanderer on Nov 29, 2021.
             Was an Initiate of Gozag.
             Slain by a water moccasin (9 damage)
             ... on level 6 of the Dungeon.
             The game lasted 00:28:06 (5532 turns).

cheechan the Bolt Thrower (Octopode Wanderer)       Turns: 5532, Time: 00:28:07

Health: -5/54      AC:  1    Str:  9    XL:     8   Next: 32%
Magic:  8/8        EV:  9    Int: 17    God:    Gozag
Gold:   464        SH: 12    Dex: 13    Spells: 5/7 levels left

rFire   + . .      SeeInvis .   a - +2 hand crossbow
rCold   . . .      Faith    .   n - +0 tower shield
rNeg    . . .      Spirit   .   (helmet restricted)
rPois   .          Reflect  .   c - amulet of regeneration
rElec   .          Harm     .   d - ring of wizardry
rCorr   .          Rampage  .   w - ring of protection from fire
Will    .....                   (no ring)
Stlth   +++.......              (no ring)
HPRegen 0.98/turn               (no ring)
MPRegen 0.11/turn               (no ring)
                                (no ring)
                                (no ring)

@: lethally poisoned (-5 -> -6)
A: almost no armour, amphibious, 8 rings, camouflage 1, gelatinous body 1,
(nimble swimmer 1), tentacles
a: Renounce Religion, Potion Petition, Call Merchant, Bribe Branch


You were on level 6 of the Dungeon.
You worshipped Gozag.
Gozag was aware of your devotion.
You visited 2 branches of the dungeon, and saw 7 of its levels.

You collected 483 gold pieces.
You paid 19 gold pieces to Gozag.

Inventory:

Hand Weapons
 a - a +2 hand crossbow (weapon)
 h - a +0 whip
 k - a +0 hunting sling
Missiles
 b - 42 bolts (quivered ammo)
 f - 66 arrows
 g - 2 javelins (quivered)
 r - 32 sling bullets
Armour
 n - a +0 tower shield (worn)
Jewellery
 c - an amulet of regeneration (around mantle)
 d - a ring of wizardry (left tentacle)
 w - a ring of protection from fire (right tentacle)
Wands
 v - a wand of polymorph (3)
 x - a wand of flame (19)
Scrolls
 j - a scroll of noise
 l - a scroll of enchant armour
 o - a scroll of amnesia
 y - a scroll of magic mapping
Potions
 e - a potion of resistance
 m - 4 potions of haste
 p - a potion of lignification
 q - a potion of flight {unknown}
 s - a potion of magic {unknown}
 t - a potion of berserk rage {unknown}
 u - a potion of heal wounds {unknown}


   Skills:
 + Level 4.6 Fighting
 + Level 7.4 Crossbows
 + Level 2.1 Throwing
 + Level 2.4 Dodging
 + Level 3.2 Stealth
 + Level 2.6 Shields
 + Level 1.0 Transmutations
 + Level 2.3 Ice Magic


You had 5 spell levels left.
You knew the following spells:

 Your Spells              Type           Power      Damage    Failure   Level
a - Freeze                Ice            28%        1d5       52%         1
b - Pain                  Necr           0%         1d4       82%         1

Your spell library contained the following spells:

 Spells                   Type           Power      Damage    Failure   Level
 Sting                    Tmut/Pois      4%         1d3       77%         1
 Animate Skeleton         Necr           0%         N/A       82%         1
 Summon Small Mammal      Summ           0%         N/A       82%         1
 Ozocubu's Armour         Ice            7%         N/A       86%         3
 Poisonous Vapours        Pois/Air       0%         N/A       91%         2
 Call Canine Familiar     Summ           0%         N/A       99%         3
 Summon Guardian Golem    Hex/Summ       0%         N/A       99%         3
 Vampiric Draining        Necr           0%         2d6       99%         3
 Olgreb's Toxic Radiance  Pois           0%         N/A       100%        4
 Summon Ice Beast         Ice/Summ       3%         N/A       100%        4
 Summon Mana Viper        Hex/Summ       0%         N/A       100%        5
 Monstrous Menagerie      Summ           0%         N/A       100%        7


Dungeon Overview and Level Annotations

Branches:
Dungeon (6/15)             Temple (1/1) D:4

Altars:
Ashenzari
Cheibriados
Dithmenos
Elyvilon
Fedhas
Gozag
Hepliaklqana
Kikubaaqudgha
Makhleb
Nemelex Xobeh
Okawaru
Qazlal
Ru
Sif Muna
Trog
Uskayaw
Vehumet
Wu Jian
Xom
Zin
The Shining One

Shops:
D:4 ?   D:5 [?   D:6 [:


Innate Abilities, Weirdness & Mutations

You cannot wear most types of armour.
You are amphibious.
You can wear up to eight rings at the same time.
Your skin changes colour to match your surroundings (Stealth+).
Your rubbery body absorbs attacks. (AC +1, EV +1)
((You are camouflaged near water. (Stealth+)))
You have tentacles for arms and can constrict up to eight enemies at once.


Message History

The water moccasin poisons you!
You feel better. The water moccasin bites you!
* * * LOW HITPOINT WARNING * * *
The water moccasin bites you but does no damage.
Throw: 5 javelins
Press: ? - help, Q - select action, (/) - cycle Shift-Dir - straight line, f/p - orc priest
Aim: an orc priest, wielding a +0 short sword and wearing a +0 leather armour (59% to hit)
You throw a javelin. The javelin misses the water moccasin.
The javelin pierces through the orc priest.
The orc priest is heavily wounded.
The water moccasin bites you.
* * * LOW HITPOINT WARNING * * *
You are poisoned.
The water moccasin poisons you! You block the water moccasin's attack.
Throw: 4 javelins
Press: ? - help, Q - select action, (/) - cycle Shift-Dir - straight line, f/p - orc priest
Aim: an orc priest, wielding a +0 short sword and wearing a +0 leather armour (heavily wounded, 59% to hit)
You throw a javelin.
The javelin pierces through the water moccasin!
The water moccasin is heavily wounded.
The javelin completely misses the orc priest.
* * * LOW HITPOINT WARNING * * *
You feel very sick. The water moccasin closely misses you.
The orc priest looks encouraged for a moment.
The water moccasin bites you but does no damage.
The water moccasin closely misses you.
Throw: 3 javelins
Press: ? - help, Q - select action, (/) - cycle Shift-Dir - straight line, f/p - orc priest
Aim: an orc priest, wielding a +0 short sword and wearing a +0 leather armour (heavily wounded, 59% to hit)
You throw a javelin.
The javelin pierces through the water moccasin!
The water moccasin is almost dead.
The javelin pierces through the orc priest.
The orc priest is heavily wounded.
* * * LOW HITPOINT WARNING * * *
You feel very sick. The water moccasin bites you!
You die...
Your body crumbles into a pile of gold.

+......# #..(((.#
#...$..# #......#
#...$..# #####......+
.......o...#
.....##S#### ... #.@...+
. #.....# #[...#####
#### #....##..# ...#
#....'...# ...#
###+##....#...#
...#######...#####+##..#
....#...+....##<...##..#
'####...##...##.......##


You could see a water moccasin and an orc priest.

Vanquished Creatures
  Sigmund (D:6)
  Menkaure (D:4)
  An ogre (D:5)
  A centaur (D:5)
  A scorpion (D:5)
  2 jellies
  A centaur zombie (D:5)
  2 hounds
  2 orc priests (D:6)
  2 bullfrog skeletons
  Ijyb (D:3)
  4 iguanas
  3 orc wizards
  A hound skeleton (D:4)
  2 adders (D:4)
  A white imp (D:3)
  An adder skeleton (D:4)
  4 worms
  2 dart slugs
  11 orcs
  6 ball pythons
  4 endoplasms
  5 giant cockroaches
  6 goblins
  10 hobgoblins
  7 kobolds
  2 quokkas
  3 bats
  4 frilled lizards
  4 rats
95 creatures vanquished.

Notes
Turn   | Place    | Note
-------+----------+-------------------------------------------
     0 | D:1      | cheechan the Octopode Wanderer began the quest for the Orb.
     0 | D:1      | cheechan set off with the following items: a +2 hand
                  | crossbow, 31 bolts; and the following spells available to
                  | memorise: Freeze, Animate Skeleton, Ozocubu's Armour,
                  | Vampiric Draining
     0 | D:1      | Reached XP level 1. HP: 14/14 MP: 1/1
    92 | D:1      | Reached XP level 2. HP: 17/19 MP: 2/2
  1031 | D:1      | Reached XP level 3. HP: 24/24 MP: 3/3
  1040 | D:1      | Found a faded altar of an unknown god.
  1340 | D:2      | Learned a level 1 spell: Freeze
  1342 | D:2      | Learned a level 1 spell: Pain
  2042 | D:4      | Reached skill level 4 in Crossbows
  2080 | D:4      | Noticed Menkaure
  2088 | D:4      | Reached XP level 4. HP: 15/30 MP: 4/4
  2094 | D:4      | Killed Menkaure
  2095 | D:4      | Reached skill level 5 in Crossbows
  2095 | D:4      | Reached XP level 5. HP: 5/36 MP: 5/5
  2160 | D:4      | Found a staircase to the Ecumenical Temple.
  2200 | D:4      | Reached XP level 6. HP: 42/42 MP: 6/6
  2308 | D:4      | Reached skill level 1 in Dodging
  2356 | Temple   | Entered the Ecumenical Temple
  2537 | Temple   | Became a worshipper of Gozag Ym Sagoz the Greedy
  2641 | D:4      | Found Olalecif's Magic Scroll Shop.
  2998 | D:3      | Noticed Ijyb
  3001 | D:3      | Paralysed by Ijyb for 2 turns
  3008 | D:3      | Paralysed by Ijyb for 4 turns
  3014 | D:3      | Paralysed by Ijyb for 2 turns
  3017 | D:3      | Paralysed by Ijyb for 3 turns
  3028 | D:3      | Killed Ijyb
  4006 | D:5      | Entered Level 5 of the Dungeon
  4026 | D:5      | Identified the +1 plate armour "Tasoivas" {Int+2 Stlth+}
  4112 | D:5      | Reached skill level 6 in Crossbows
  4112 | D:5      | Reached skill level 1 in Shields
  4128 | D:5      | Reached XP level 7. HP: 39/46 MP: 7/7
  4279 | D:5      | Found Ychasai's Magic Scroll Boutique.
  4283 | D:5      | Found Xeufayci's Armour Shop.
  5125 | D:6      | Reached skill level 7 in Crossbows
  5185 | D:6      | Reached XP level 8. HP: 54/54 MP: 8/8
  5312 | D:6      | Found Iwyur's Book Shop.
  5344 | D:6      | Found Xuefue Weid's Antique Armour Boutique.
  5345 | D:6      | Noticed Sigmund
  5354 | D:6      | Killed Sigmund
  5532 | D:6      | Slain by a water moccasin

Illustrated notes

Levels and vault maps discovered:
D:1:      onia_arrival_pentagram, layout_loops_cross,
          ebering_ecumenical_altar_rust
D:2:      layout_loops_cross
D:3:      layout_loops_ring, kennysheep_another_room,
          minmay_misc_feat_nine_boxes, uniq_ijyb
D:4:      layout_basic, temple_pool_b, serial_shops, nicolae_shop_stone,
          uniq_menkaure
D:5:      layout_gridville, serial_shops, shop, shop
D:6:      layout_gridville, serial_shops, shop, shop, shop_fountains,
          serial_bayou_pond_c, kennysheep_generic_room_4, uniq_sigmund
Temple:   mainiacjoe_temple_starburst

Skill      XL: |  1  2  3  4  5  6  7  8 |
---------------+-------------------------+-----
Stealth        | 2 3 |  3.2
Crossbows      | 4 5 6 7 |  7.4
Fighting       | 3 4 |  4.6
Dodging        | 1 2 |  2.4
Shields        | 1 2 |  2.6
Throwing       | 2 |  2.1
Transmutations | |  1.0
Ice Magic      | |  2.3

Action                   |  1- 3 |  4- 6 |  7- 9 || total
-------------------------+-------+-------+-------++-------
Melee: Hand crossbow     |    23 |       |       ||    23
       Constrict         |     7 |       |       ||     7
       Tentacles         |     2 |       |       ||     2
 Fire: Hand crossbow     |    69 |   111 |    75 ||   255
Throw: Javelin           |     4 |     8 |    17 ||    29
  Use: Scroll            |     4 |     2 |     4 ||    10
       Potion            |       |     1 |     3 ||     4
 Stab: Sleeping          |     1 |       |       ||     1
Armor: Skin              |     3 |     5 |     9 ||    17
Dodge: Dodged            |    30 |    26 |    16 ||    72
Block: Tower shield      |     7 |    37 |    49 ||    93

Table legend: (Time is in decaauts)
 A = Elapsed time spent in this place.
 B = Non-inter-level travel time spent in this place.
 C = Inter-level travel time spent in this place.
 D = Time resting spent in this place.
 E = Time spent auto-exploring this place.
 F = Levels seen in this place.
 G = Mean time per level.
                   A        B        C        D        E       F      G
               +--------+--------+--------+--------+--------+-----+--------+
         Total |   5702 |   5702 |      0 |    557 |      0 |   7 |  814.6 |
       Dungeon |   5424 |   5424 |      0 |    557 |      0 |   6 |  904.0 |
        Temple |    278 |    278 |      0 |      0 |      0 |   1 |  278.0 |
               +--------+--------+--------+--------+--------+-----+--------+

Top non-repeatable levels by time:
     D:1: 1273 daAuts
     D:5: 1075 daAuts
     D:3: 930 daAuts
     D:4: 848 daAuts
     D:2: 795 daAuts
     D:6: 499 daAuts
  Temple: 278 daAuts
